 BcadrenCrawl: Boulder Brew version 0.03.3.1-34-gd247f1d118 (webtiles) character file.

Game seed: 16906522200936918882, levelgen mode: deterministic

1341 Chiseanne the Skirmisher (level 8, 0/87 HPs) Goblin Demonspawn. Began on Mar 20, 2021. Was an Initiate of Gozag Ym Sagoz. Succumbed to Harold's poison ... on level 4 of the Dungeon. The game lasted 00:07:11 (2887 turns).

Chiseanne the Skirmisher (Goblin Demonspawn)        Turns: 2887, Time: 00:07:12

Health: 0/87       AC: 10    Str: 13    XL:     8 ^: 62
Magic:  6/12       EV: 12    Int:  6    God:    Gozag Ym Sagoz
Gold:   497        SH:  6    Dex:  6    Spells: 14/15 levels left

rFire    . . .     Vision   .   j - +5 spear
rCold    . . .     Gourm    .   g - +1 heater shield {AC+3}
rNeg     . . .     Faith    .   a - +0 ring mail
rPois    .         Spirit   +   (no helmet)
rElec    .         Reflect  .   (no cloak)
rCorr    .         Harm     .   b - +0 pair of gloves
MR       .....                  (no boots)
Stlth    ..........             (no amulet)
HPRegen  0.39/turn              (no ring)
MPRegen  0.44/turn              (no ring)

@: berserking (expiring), lethally poisoned (0 -> -39), marked, hasted, studying
Translocations, very quick
A: small, stagnant stats, goblin's greed, talons 2, low mp 1, mutation
resistance 1, spiny 1, magic shield, magic regeneration, god's pity 2
a: Potion Petition, Call Merchant, Bribe Branch, Renounce Religion


You were on level 4 of the Dungeon.
You worshipped Gozag Ym Sagoz.
Gozag Ym Sagoz was aware of your devotion.
You were full.

You visited 2 branches of the dungeon, and saw 5 of its levels.

You collected 521 gold pieces.
You paid 129 gold pieces to Gozag.

Inventory:

Weapons
 f - a +0 hunting sling
 j - a +5 spear (weapon) Shields
 g - a +1 heater shield of protection (shield)
Armour
 a - a +0 ring mail (worn)
 b - a +0 pair of gloves (worn)
Scrolls
 e - 3 scrolls of teleportation
 h - a scroll of amnesia
 k - a scroll of immolation
 m - a scroll of holy word
 o - a scroll of enchantment
 p - a scroll of fear
 r - a scroll of magic mapping
 s - a scroll of fog
Potions
 c - 2 potions of mutation
 i - 4 potions of curing
Miscellaneous
 n - a sack of spiders
Comestibles
 d - 5 rations


   Skills:
 * Level 6.5 Fighting
   Level 2.6 Short Blades
 * Level 5.5 Armour
 - Level 6.0 Dodging
 - Level 2.6 Stealth
 * Level 5.5 Shields
 * Level 4.3 Spellcasting
 - Level 2.6 Fire Magic
   Level 4.0 Invocations


You had 14 spell levels left.
You knew the following spells:

 Your Spells              Type           Power        Failure   Level  Hunger
a - Flame Tongue          Fire           4 (30)       54%         1    ##.....

Your spell library contained the following spells:

 Spells                   Type           Power        Failure   Level  Hunger
 Conjure Flame            Fire           4 (100)      88%         3    ####...
 Blink                    Tloc           N/A          96%         2    ###....
 Call Imp                 Summ           1 (100)      96%         2    ###....
 Slow                     Hex            1 (100)      96%         2    ###....
 Mephitic Cloud           Pois/Air       1 (100)      99%         3    ####...
 Leda's Liquefaction      Tmut/Erth      1 (200)      100%        4    #####..
 Bolt of Magma            Fire/Erth      2 (200)      100%        5    ######.
 Iron Shot                Erth           1 (200)      100%        6    #######
 Statue Form              Tmut/Erth      1 (150)      100%        6    #######
 Tunneling                Erth           1 (200)      100%        6    #######
 Shatter                  Erth           1 (200)      100%        9    #######


Dungeon Overview and Level Annotations

Branches:
Dungeon (4/8)              Temple (1/1) D:4

Altars:
Dithmenos
Elyvilon
Gozag Ym Sagoz
Nemelex Xobeh
Okawaru
Qazlal
Ru
Sif Muna
Trog
Uskayaw
Vehumet
Wu Jian
Zin
The Shining One

Annotations:
D:1 1 runed translucent door
D:4 Harold


Innate Abilities, Weirdness & Mutations

Your stats never grow through leveling.
Your goblin ancestry allows you to find more gold. (+20%)
You are small and have problems with some larger weapons.
You have razor-sharp toenails.
Your magical capacity is low. (-10% MP)
You are somewhat resistant to further mutation.
You are partially covered in sharp spines.
When hurt, damage is shared between your health and your magic reserves.
You regenerate magic rapidly.
The pity of the gods increases the power of your passive and invoked divine abilities.


Message History

You puncture Harold (10)!
* * * LOW HITPOINT WARNING * * *
You feel very sick. (3)
The crimson imp misses you (0).
You hit Harold but do no damage.
* * * LOW HITPOINT WARNING * * *
You feel very sick. (3) Harold hits you with a +0 hatchet of venom (7)!
* * * LOW HITPOINT WARNING * * *
You are more poisoned.
You block the crimson imp's attack.
You puncture Harold (8)! You claw Harold, but do no damage.
* * * LOW HITPOINT WARNING * * *
You feel very sick. (3) Harold zaps a wand.
You are caught in a web!
The stream of webbing hits you but does no damage (0).
You are even more entangled.
The web tears apart.
You die...
Your body crumbles into a pile of gold.

##+#####.........# #...###
.................#.....#.....#
###.#######+###..#.....#.....#
#.# #..#.....#.....# #.#
#.##... #.....# #)# #.#...
#.....# #)###########.#'#
#.....# #..............@#
#.....# ###.............@.#
#.....#
.....######.......######...###
###### #...5............#
#................#
##################


You could see Harold and a crimson imp.

Vanquished Creatures
  A phantom (D:3)
  A porcupine (D:3)
  2 sky beasts (D:4)
  A bullfrog (D:4)
  A gnoll sergeant (D:4)
  2 howler monkeys (D:3)
  4 wights (D:3)
  A hornet zombie (D:4)
  A crimson imp (D:3)
  2 hounds
  A jelly (D:4)
  8 worker ants
  2 giant cockroaches
  2 bullfrog skeletons
  A shadow imp (D:3)
  3 adders
  5 gnolls
  3 sewer rats (D:2)
  2 worms
  3 cinder newts
  A howler monkey zombie (D:3)
  2 oozes
  2 leopard geckos
  5 orcs
  An adder skeleton (D:3)
  A bat (D:1)
  4 goblins (D:1)
  A hobgoblin (D:1)
  6 jackals
  3 quokkas
  A leopard gecko skeleton (D:3)
  A rat (D:1)
74 creatures vanquished.

Vanquished Creatures (others)
  A worker ant (D:3)
  20 withered plants (D:2)
21 creatures vanquished.

Grand Total: 95 creatures vanquished

Notes
Turn   | Place    | Note
-------+----------+-------------------------------------------
     0 | D:1      | Chiseanne the Goblin Demonspawn began the quest for the
                  | Orb.
     0 | D:1      | Reached XP level 1. HP: 13/13 MP: 2/2
     1 | D:1      | Found a runed translucent door.
    71 | D:1      | Gained mutation: You have sharp toenails. [demonic
                  | ancestry]
    71 | D:1      | Reached XP level 2. HP: 5/19 MP: 3/3
   267 | D:1      | Gained mutation: You are partially covered in sharp spines.
                  | [demonic ancestry]
   267 | D:1      | Reached XP level 3. HP: 25/25 MP: 4/4
   710 | D:2      | Reached skill level 5 in Dodging
   710 | D:2      | Gained mutation: You have razor-sharp toenails. [demonic
                  | ancestry]
   710 | D:2      | Reached XP level 4. HP: 29/31 MP: 5/5
   715 | D:2      | Reached skill level 1 in Armour
   715 | D:2      | Reached skill level 1 in Shields
   768 | D:2      | Reached XP level 5. HP: 22/36 MP: 6/6
  1052 | D:3      | Noticed a phantom
  1079 | D:3      | Killed a phantom
  1079 | D:3      | Reached XP level 6. HP: 19/43 MP: 7/7
  1348 | D:3      | Noticed a porcupine
  1434 | D:3      | Gained mutation: When hurt, damage is shared between your
                  | health and your magic reserves. [demonic ancestry]
  1434 | D:3      | Reached XP level 7. HP: 49/49 MP: 8/8
  1501 | D:3      | Reached skill level 5 in Fighting
  1962 | D:3      | Gained mutation: You regenerate magic rapidly. [demonic
                  | ancestry]
  1962 | D:3      | Reached XP level 8. HP: 43/56 MP: 6/10
  2267 | D:4      | Found a staircase to the Ecumenical Temple.
  2284 | Temple   | Entered the Ecumenical Temple
  2315 | Temple   | Became a worshipper of Gozag Ym Sagoz the Greedy
  2449 | D:4      | Reached skill level 5 in Armour
  2449 | D:4      | Reached skill level 5 in Shields
  2468 | D:4      | Found a white marble altar of Elyvilon.
  2468 | D:4      | Found a glowing silver altar of Zin.
  2502 | D:4      | Found a glowing golden altar of the Shining One.
  2863 | D:4      | Noticed Harold
  2886 | D:4      | HP: 3/87 [poisoned by Harold]
  2887 | D:4      | Succumbed to Harold's poison

Levels and vault maps discovered:
D:1:      dpeg_arrival_caged_fury, layout_basic, cheibrodos_sewer_entry_bend
D:2:      layout_sewer, first_ration, uniq_pikel, uniq_purgy
D:3:      wad_guarded_room, layout_basic
D:4:      layout_irregular_city, good_gods_temple_1,
          minmay_temple_entry_junction, uniq_harold, uniq_maurice
Temple:   regret_index_temple_waves

Skill      XL: |  1  2  3  4  5  6  7  8 |
---------------+-------------------------+-----
Fighting       | 2 3 4 5 6 |  6.5
Dodging        | 5 6 |  6.0
Armour         | 1 2 3 4 5 |  5.5
Shields        | 1 2 3 4 5 |  5.5
Spellcasting   | 3 4 |  4.3
Short Blades   | |  2.6
Stealth        | |  2.6
Fire Magic     | |  2.6
Invocations    | |  4.0

Action                   |  1- 3 |  4- 6 |  7- 9 || total
-------------------------+-------+-------+-------++-------
Melee: Rapier            |    11 |       |       ||    11
       Mace              |     5 |       |       ||     5
       Spear             |    16 |    62 |   183 ||   261
       Kick              |     1 |     6 |    13 ||    20
  Use: Scroll            |     1 |       |     1 ||     2
       Potion            |       |       |     2 ||     2
 Stab: Sleeping          |     1 |       |       ||     1
  Eat: Chunk             |       |     2 |     3 ||     5
       Ration            |       |       |     2 ||     2
Armor: Ring mail         |     5 |    21 |    73 ||    99
Dodge: Dodged            |    15 |    19 |    77 ||   111
Block: Heater shield     |     1 |     9 |    64 ||    74
